 Dungeon Crawl Stone Soup version 0.25-a0-701-gb30f108f01 (webtiles) character file.

Game seed: 17958898712164898589, levelgen mode: deterministic

3015 Amnesiac the Eclecticist (level 9, -4/45 HPs)
             Began as a Deep Elf Wizard on Apr 4, 2020.
             Was an Initiate of Vehumet.
             Slain by a bullfrog (8 damage)
             ... on level 8 of the Dungeon.
             The game lasted 00:14:51 (8066 turns).

Amnesiac the Eclecticist (Deep Elf Wizard)          Turns: 8066, Time: 00:14:51

Health: -4/45      AC:  3    Str:  4    XL:     9   Next: 55%
Magic:  3/40       EV: 13    Int: 27    God:    Vehumet [......]
Gold:   367        SH:  0    Dex: 13    Spells: 22/41 levels left

rFire    . . .     SeeInvis .   t - +4 hunting sling
rCold    . . .     Gourm    .   (no shield)
rNeg     . . .     Faith    .   y - +0 robe (curse)
rPois    .         Spirit   .   b - +0 hat
rElec    .         Reflect  .   w - +0 cloak
rCorr    .         Harm     +   (no gloves)
MR       .....                  (no boots)
Stlth    ++........             r - amulet of harm
HPRegen  0.15/turn              u - ring of magical power
MPRegen  0.27/turn              (no ring)

@: no status effects
A: no striking features
a: Renounce Religion


You were on level 8 of the Dungeon.
You worshipped Vehumet.
Vehumet was noncommittal.
You were near starving.

You visited 2 branches of the dungeon, and saw 9 of its levels.

You collected 367 gold pieces.

Inventory:

Hand Weapons
 t - a +4 hunting sling (weapon)
 G - the +3 short sword of Heacet Lagi {vorpal, MR++, unknown}
   (You found it on level 6 of the Dungeon)

   It inflicts extra damage upon your enemies.
   It affects your resistance to hostile enchantments.
 J - a +0 dagger of venom
Missiles
 a - 120 stones (quivered)
 A - 11 sling bullets
Armour
 b - a +0 hat (worn)
 w - a +0 cloak (worn)
 y - a cursed +0 robe (worn)
Magical Staves
 j - an uncursed staff of poison
Jewellery
 m - an uncursed amulet of magic regeneration
 r - an amulet of harm (around neck)
 u - a ring of magical power (left hand)
Wands
 B - a wand of paralysis (20)
 E - a wand of iceblast (5)
 L - a wand of flame (38)
Scrolls
 c - 2 scrolls of noise {!r, unknown}
 e - 3 scrolls of amnesia {!r, unknown}
 f - 2 scrolls of fear {!r, unknown}
 g - 6 scrolls of remove curse {!r, unknown}
 h - 6 scrolls of identify {!r}
 o - 2 scrolls of enchant armour {!r, unknown}
 x - 4 scrolls of teleportation {!r, unknown}
 F - a scroll of enchant weapon {!r, unknown}
 K - a scroll of fog {!r, unknown}
Potions
 i - 2 potions of heal wounds {!q, unknown}
 k - 2 potions of resistance {!q, unknown}
 l - 4 potions of degeneration {!q, unknown}
 n - a potion of magic {!q, unknown}
 p - 2 potions of ambrosia {!q, unknown}
 q - 2 potions of flight {!q, unknown}
 s - 6 potions of curing {!q}
 v - a potion of might {!q, unknown}
 z - a potion of lignification {!q, unknown}
 C - 2 potions of mutation {!q, unknown}
 D - a potion of cancellation {!q, unknown}
 H - a potion of berserk rage {!q, unknown}
 I - a potion of brilliance {!q, unknown}
Comestibles
 d - 14 rations


   Skills:
 - Level 2.4 Dodging
 - Level 2.4 Stealth
 + Level 16.6 Spellcasting
 - Level 1.1 Conjurations
 - Level 1.1 Summonings
 - Level 1.1 Translocations


You had 22 spell levels left.
You knew the following spells:

 Your Spells              Type           Power        Failure   Level  Hunger
a - Magic Dart            Conj           ####         1%          1    None
b - Call Imp              Summ           ####....     1%          2    None
c - Fulminant Prism       Conj/Hex       ####......   17%         4    None
d - Iskenderun's Mystic   Conj/Tloc      ####....     14%         4    None
e - Mephitic Cloud        Conj/Pois/Air  ###.....     5%          3    None
s - Conjure Flame         Conj/Fire      ####....     5%          3    None
v - Blink                 Tloc           N/A          1%          2    None

Your spell library contained the following spells:

 Spells                   Type           Power        Failure   Level  Hunger
 Searing Ray              Conj           ####..       1%          2    None
 Beastly Appendage        Tmut           ###...       2%          1    None
 Slow                     Hex            ###.....     3%          2    None
 Sticks to Snakes         Tmut           ###.....     3%          2    None
 Dazzling Flash           Conj/Hex       ####..       5%          3    None
 Spider Form              Tmut/Pois      ###.......   7%          3    None
 Ice Form                 Ice/Tmut       ###.....     22%         4    None
 Blade Hands              Tmut           ###.......   52%         5    None


Dungeon Overview and Level Annotations

Branches:
Dungeon (8/15)             Temple (1/1) D:5
   Lair: D:8-11

Altars:
Ashenzari
Dithmenos
Elyvilon
Fedhas
Gozag
Hepliaklqana
Kikubaaqudgha
Makhleb
Nemelex Xobeh
Okawaru
Ru
Uskayaw
Vehumet
Wu Jian
Xom
Yredelemnul
Zin
The Shining One

Shops:
D:5 *   D:7 :


Message History

The stinking cloud engulfs the wolf but does no damage.
The stinking cloud engulfs you but does no damage.
You are engulfed in noxious fumes.
You choke on the stench!
You are confused.
The wolf is engulfed in noxious fumes.
The wolf bites you.
* * * LOW HITPOINT WARNING * * *
The wolf is engulfed in noxious fumes.
The wolf appears confused.
You feel less confused.
The wolf is engulfed in noxious fumes. x2; The wolf appears confused.
The hippogriff is engulfed in noxious fumes.
The hippogriff is engulfed in noxious fumes.
The hippogriff appears confused.
Casting: Mephitic Cloud (safe; 6% risk of failure)
Confirm with . or Enter, or press ? or * to list all spells.
Okay, then.
Unknown command.
Casting: Mephitic Cloud (safe; 6% risk of failure)
Confirm with . or Enter, or press ? or * to list all spells.
You erupt in a blast of force!
The mystic blast hits the hippogriff!
You kill the hippogriff!
Vehumet accepts your kill.
Casting: Iskenderun's Mystic Blast (safe; 14% risk of failure)
Confirm with . or Enter, or press ? or * to list all spells.
You erupt in a blast of force!
The mystic blast hits the wolf but does no damage.
Casting: Iskenderun's Mystic Blast (safe; 14% risk of failure)
Confirm with . or Enter, or press ? or * to list all spells.
You erupt in a blast of force!
The mystic blast hits the wolf!
The wolf is heavily wounded.
The wolf is knocked back by the mystic blast.
The wolf slams into the rock wall!
Casting: Iskenderun's Mystic Blast (safe; 14% risk of failure)
Confirm with . or Enter, or press ? or * to list all spells.
You erupt in a blast of force!
The mystic blast hits the wolf but does no damage.
The wolf is heavily wounded.
You hear a croak.
Casting: Iskenderun's Mystic Blast (safe; 14% risk of failure)
Confirm with . or Enter, or press ? or * to list all spells.
You erupt in a blast of force!
The mystic blast hits the wolf!
You kill the wolf!
Vehumet accepts your kill.
Casting: Iskenderun's Mystic Blast (safe; 14% risk of failure)
Confirm with . or Enter, or press ? or * to list all spells.
Okay, then.
Unknown command.
A bullfrog comes into view.
The bullfrog gives a loud, deep croak!
The bullfrog barely misses you.
Okay, then.
Evoke which item? (* to show all) (? for menu, Esc to quit)
Aiming: Paralyse
Press: ? - help, Shift-Dir - straight line, f - bullfrog
Aim: a bullfrog (chance to defeat MR: 46%)
The bullfrog resists with some effort.
The bullfrog hits you.
* * * LOW HITPOINT WARNING * * *
Evoke which item? (* to show all) (? for menu, Esc to quit)
Aiming: Paralyse
Press: ? - help, Shift-Dir - straight line, f/p - bullfrog
Aim: a bullfrog (chance to defeat MR: 46%)
The bullfrog resists with some effort.
The bullfrog hits you.
* * * LOW HITPOINT WARNING * * *
The bullfrog hits you!
You die...

##...# #######....###
......###....##......##
#....#..............# #
#.................#
....#............####
....#.##.......#.#
....#..<.....#####
........##F....##
........#@.#....#
........†..#...##
.......#..[............#
.......#.........)....##
.......................#
.......................#
.........###.....##....#
......#...≈...#.......##
.....# #...#..#......##


You could see a bullfrog.

Vanquished Creatures
  A hornet (D:8)
  A hippogriff (D:8)
  Grum (D:8)
  Menkaure (D:6)
  A water moccasin (D:5)
  2 orc warriors
  A sky beast (D:6)
  2 ice beasts
  4 wolves (D:8)
  3 centaurs
  2 ogres
  A bullfrog (D:6)
  A scorpion (D:7)
  A water moccasin skeleton (D:7)
  2 crimson imps
  4 hounds
  A centaur zombie (D:7)
  3 jellies
  A bullfrog skeleton (D:7)
  An orc priest (D:7)
  Jessica (D:3)
  2 iguanas
  3 orc wizards
  3 worker ants
  A worker ant zombie (D:5)
  8 gnolls
  17 adders
  A shadow imp (D:5)
  An adder skeleton (D:5)
  3 worms
  4 dart slugs
  4 leopard geckos
  17 orcs
  6 giant cockroaches
  5 goblins
  10 hobgoblins
  7 jackals
  7 kobolds
  5 quokkas
  A ball python skeleton (D:4)
  7 bats
  6 frilled lizards
  A giant cockroach zombie (D:5)
  2 leopard gecko skeletons
  A leopard gecko zombie (D:7)
  5 rats
162 creatures vanquished.

Vanquished Creatures (collateral kills)
  An ogre (D:4)
  A bullfrog (D:3)
  Ijyb (D:4)
  A worker ant (D:5)
  A worker ant zombie (D:5)
  A worm (D:2)
  An orc (D:7)
  A giant cockroach (D:3)
8 creatures vanquished.

Vanquished Creatures (others)
  4 fulminant prisms
4 creatures vanquished.

Grand Total: 174 creatures vanquished

Notes
Turn   | Place    | Note
-------+----------+-------------------------------------------
     0 | D:1      | Amnesiac the Deep Elf Wizard began the quest for the Orb.
     0 | D:1      | Reached XP level 1. HP: 10/10 MP: 7/7
   191 | D:1      | Reached skill level 5 in Spellcasting
   236 | D:1      | Reached XP level 2. HP: 15/15 MP: 5/10
   240 | D:1      | Learned a level 2 spell: Blink
   243 | D:1      | Learned a level 2 spell: Call Imp
  1130 | D:2      | Reached skill level 6 in Spellcasting
  1130 | D:2      | Reached XP level 3. HP: 13/19 MP: 3/12
  1135 | D:2      | Learned a level 3 spell: Conjure Flame
  1139 | D:2      | Learned a level 3 spell: Mephitic Cloud
  1375 | D:3      | Noticed a bullfrog
  1392 | D:3      | Killed a bullfrog
  1392 | D:3      | Reached skill level 7 in Spellcasting
  1392 | D:3      | Reached XP level 4. HP: 24/24 MP: 3/15
  1493 | D:5      | Entered Level 5 of the Dungeon
  1815 | D:4      | Noticed an ogre
  1847 | D:4      | Killed an ogre
  1847 | D:4      | Reached skill level 8 in Spellcasting
  1847 | D:4      | Reached XP level 5. HP: 25/28 MP: 15/18
  1911 | D:4      | Noticed Ijyb
  1911 | D:4      | Noticed an ogre
  1954 | D:4      | Killed Ijyb
  1961 | D:4      | Killed an ogre
  1961 | D:4      | Reached skill level 9 in Spellcasting
  2000 | D:4      | Learned a level 4 spell: Fulminant Prism
  2090 | D:4      | Reached XP level 6. HP: 32/32 MP: 18/20
  2578 | D:5      | Found Opasipof's General Store.
  2681 | D:5      | Found a staircase to the Ecumenical Temple.
  2699 | D:5      | Reached skill level 10 in Spellcasting
  2738 | Temple   | Entered the Ecumenical Temple
  3028 | D:3      | Noticed Jessica
  3369 | D:2      | Found a faded altar of an unknown god.
  3606 | D:3      | Killed Jessica
  3688 | D:3      | Noticed an orc warrior
  4280 | D:3      | Reached XP level 7. HP: 36/36 MP: 23/23
  4317 | D:2      | Reached skill level 11 in Spellcasting
  5086 | D:5      | Found an opulent altar of Gozag.
  5139 | D:5      | Reached skill level 12 in Spellcasting
  5177 | D:5      | Reached XP level 8. HP: 41/41 MP: 26/26
  5420 | D:6      | Noticed Menkaure
  5424 | D:6      | Killed Menkaure
  5424 | D:6      | Reached skill level 13 in Spellcasting
  5822 | D:6      | Got a twisted short sword
  6201 | D:7      | Reached skill level 14 in Spellcasting
  6340 | D:7      | Found Miuwkent's Book Shoppe.
  6417 | D:7      | HP: 1/41 [centaur (7)]
  6671 | D:7      | Found an iron altar of Okawaru.
  6917 | D:7      | Reached XP level 9. HP: 36/45 MP: 29/29
  6992 | D:7      | Reached skill level 15 in Spellcasting
  7096 | D:7      | Found a hide-covered altar of Uskayaw.
  7308 | D:8      | Found a radiant altar of Vehumet.
  7542 | D:8      | Became a worshipper of Vehumet
  7796 | D:8      | Paralysed by a hornet for 3 turns
  7837 | D:8      | Learned a level 4 spell: Iskenderun's Mystic Blast
  7978 | D:8      | Noticed Grum
  8018 | D:8      | Reached skill level 16 in Spellcasting
  8042 | D:8      | Killed Grum
  8066 | D:8      | Slain by a bullfrog

Levels and vault maps discovered:
D:1:      roderic_chinese_lattice_arrival, layout_basic,
          grunt_decor_mini_mirrors
D:2:      layout_basic, chequers_ecumenical_altar_simple
D:3:      layout_basic, serial_park_tiny_2, uniq_jessica
D:4:      layout_basic, first_ration, uniq_ijyb
D:5:      layout_rooms, minmay_temple_entry_drinking_statues, serial_shops,
          nicolae_shop_trees, nicolae_gozag_cash_rules_everything_around_me
D:6:      layout_loops_ring, uniq_menkaure
D:7:      kennysheep_spiral_hall, layout_basic, eat_drink_and_be_merry_uskayaw,
          basic_altar, serial_shops, nicolae_shop_waterfront, nrook_uturn
D:8:      layout_cave_pools, tgw_trog, slow_altar_2, vehumet_altar_wand_db,
          dpeg_oklobed_lair, grunt_pizzeria, uniq_grum, uniq_joseph
Temple:   minmay_temple_bridge_d

Skill      XL: |  1  2  3  4  5  6  7  8  9 |
---------------+----------------------------+-----
Spellcasting   | 5 6 7 8 9 10 12 14 16 | 16.6
Dodging        | |  2.4
Stealth        | |  2.4
Conjurations   | |  1.1
Summonings     | |  1.1
Translocations | |  1.1

Action                   |  1- 3 |  4- 6 |  7- 9 || total
-------------------------+-------+-------+-------++-------
 Fire: Hunting sling     |       |    12 |    11 ||    23
 Cast: Magic Dart        |    75 |   191 |   287 ||   553
       Call Imp          |     6 |    10 |     2 ||    18
       Mephitic Cloud    |       |     5 |    22 ||    27
       Blink             |       |       |     3 ||     3
       Conjure Flame     |       |       |     6 ||     6
       Fulminant Prism   |       |       |     4 ||     4
       Iskenderun's Myst |       |       |     5 ||     5
Evoke: Wand              |       |       |     2 ||     2
  Use: Scroll            |       |     2 |       ||     2
       Potion            |       |       |     1 ||     1
  Eat: Chunk             |     1 |     9 |     6 ||    16
       Ration            |       |       |     1 ||     1
Armor: Robe              |     2 |     7 |    13 ||    22
Dodge: Dodged            |     4 |    37 |    49 ||    90

Table legend:
 A = Non-vault XP
 B = Vault XP
 C = Vault XP percentage of total XP
 D = Non-vault monster count
 E = Vault monster count
 F = Vault count percentage of total count
                 A         B        C        D         E       F
            +---------+---------+-------+---------+---------+-------
      Total |    3382 |     926 |  21.5 |     157 |      13 |   7.6
            +---------+---------+-------+---------+---------+-------
        D:1 |      29 |       0 |   0.0 |      18 |       0 |   0.0
        D:2 |     244 |       0 |   0.0 |      29 |       0 |   0.0
        D:3 |     156 |      37 |  19.2 |      19 |       1 |   5.0
        D:4 |     327 |      18 |   5.2 |      19 |       1 |   5.0
        D:5 |     703 |       0 |   0.0 |      21 |       0 |   0.0
        D:6 |     322 |     157 |  32.8 |       8 |       1 |  11.1
        D:7 |     878 |     178 |  16.9 |      37 |       4 |   9.8
        D:8 |     723 |     536 |  42.6 |       6 |       6 |  50.0
            +---------+---------+-------+---------+---------+-------
